 Dungeon Crawl Stone Soup version 0.23-a0-573-g25f4479 (webtiles) character file.

89 DskReedErrur the Grave Robber (level 4, -8/32 HPs)
             Began as a Demonspawn Necromancer on Dec 13, 2018.
             Killed from afar by Ijyb (9 damage)
             ... with a wand of acid (11)
             ... on level 3 of the Dungeon.
             The game lasted 00:22:40 (3130 turns).

DskReedErrur the Grave Robber (DsNe)                Turns: 3130, Time: 00:22:41

Health: -8/32      AC:  3    Str:  8    XL:     4   Next: 31%
Magic:  7/8        EV: 27    Int: 18    God:
Gold:   137        SH:  0    Dex: 13    Spells: 0/8 levels left

rFire    . . .     SeeInvis .   i - +0 dagger
rCold    . . .     Gourm    .   (no shield)
rNeg     . . .     Faith    .   a - +0 robe
rPois    .         Spirit   .   n - +0 helmet
rElec    .         Reflect  .   (no cloak)
rCorr    .         Harm     .   (no gloves)
MR       .....                  (no boots)
Stlth    ++........             h - amulet of the acrobat
HPRegen  0.10/turn              (no ring)
MPRegen  0.11/turn              (no ring)

@: no status effects
A: hooves 1, demonic guardian 1
a: no special abilities


You were on level 3 of the Dungeon.
You were not hungry.

You visited 1 branch of the dungeon, and saw 3 of its levels.

You collected 137 gold pieces.

Inventory:

Hand Weapons
 i - a +0 dagger (weapon)
Missiles
 f - a throwing net (quivered)
Armour
 a - a +0 robe (worn)
 n - a +0 helmet (worn)
Jewellery
 h - an amulet of the acrobat (around neck)
Scrolls
 b - 8 scrolls of identify {unknown}
 d - 3 scrolls of teleportation {unknown}
 e - 4 scrolls of remove curse
 j - a scroll of magic mapping {unknown}
 k - a scroll of fear {unknown}
Potions
 g - a potion of berserk rage {unknown}
 l - a potion of lignification {unknown}
 m - a potion of might {unknown}
 o - 2 potions of resistance {unknown}
Comestibles
 c - 2 rations
 p - a chunk of flesh


   Skills:
 + Level 1.1 Fighting
 + Level 2.2 Dodging
 - Level 1.8 Stealth
 * Level 2.8 Spellcasting
 + Level 5.2 Necromancy


You couldn't memorise any spells.
You knew the following spells:

 Your Spells              Type           Power        Failure   Level  Hunger
a - Pain                  Necr           ###.         1%          1    None
b - Animate Skeleton      Necr           N/A          1%          1    None
c - Vampiric Draining     Necr           ###.......   5%          3    ###....
d - Regeneration          Chrm/Necr      ##........   17%         3    ###....

Your spell library contained the following spells:

 Spells                   Type           Power        Failure   Level  Hunger
 Animate Dead             Necr           N/A          19%         4    ####...


Dungeon Overview and Level Annotations

Branches:
Dungeon (3/15)

Altars:

Annotations:
D:2 Sigmund
D:3 Ijyb


Innate Abilities, Weirdness & Mutations

You have large cloven feet.
A weak demonic guardian rushes to your aid.


Message History

Press: ? - help, Shift-Dir - straight line, f - Ijyb
Aim: Ijyb, wearing a +0 leather armour and carrying a wand of acid (12)
Okay, then.
An adder comes into view.
Ijyb shouts!
The adder hisses angrily.
Casting: Pain (safe; 1% risk of failure)
Confirm with . or Enter, or press ? or * to list all spells.
Aiming: Pain (safe; 1% risk of failure)
Press: ? - help, Shift-Dir - straight line, f - Ijyb
Aim: Ijyb, wearing a +0 leather armour and carrying a wand of acid (12) (chance Ijyb writhes in agony!
Ijyb zaps a wand.
The bolt of acid hits you!
Ouch! That really hurt!
You are splashed with acid!
The acid burns!
* * * LOW HITPOINT WARNING * * *
The bolt of acid hits your frilled lizard skeleton.
Your frilled lizard skeleton is splashed with acid.
The acid corrodes your frilled lizard skeleton!
Your frilled lizard skeleton is destroyed!
Ijyb zaps a wand.
The bolt of acid hits you!
You die...

.......#.# #.
.....#.#.#####.
######(.....##. #
#.#.##.##S### #
#(#.##....g.# #
#Z#.##.##.#.###
######.#.##.##.....#
.....#.........5.#.#
............##.#@#.#
.....)##.##.##.#.#.#
.................#..
......#.###.####.###
.........##.####.#
.................#
.#####...######### .
##.## #.#


You could see Ijyb, an adder and a friendly white imp.

Vanquished Creatures
  Robin (D:2)
  3 adders (D:2)
  A dart slug (D:2)
  3 bats
  3 giant cockroaches
  13 goblins
  7 hobgoblins
  2 jackals (D:2)
  2 kobolds (D:1)
  A ball python (D:1)
  4 frilled lizards
  A jackal skeleton (D:3)
  4 rats
45 creatures vanquished.

Vanquished Creatures (collateral kills)
  3 goblins (D:2)
  A jackal (D:2)
  A ball python (D:2)
  A kobold (D:2)
6 creatures vanquished.

Grand Total: 51 creatures vanquished

Notes
Turn   | Place    | Note
-------+----------+-------------------------------------------
     0 | D:1      | DskReedErrur the Demonspawn Necromancer began the quest for
                  | the Orb.
     0 | D:1      | Reached XP level 1. HP: 13/13 MP: 3/3
    97 | D:1      | Learned a level 1 spell: Animate Skeleton
   229 | D:1      | Gained mutation: A weak demonic guardian rushes to your
                  | aid. [demonic ancestry]
   229 | D:1      | Reached XP level 2. HP: 16/19 MP: 3/5
   998 | D:2      | Reached skill level 5 in Necromancy
  1297 | D:2      | Reached XP level 3. HP: 16/25 MP: 1/6
  1549 | D:2      | Noticed Robin
  1831 | D:2      | Killed Robin
  1948 | D:2      | Reached skill level 1 in Fighting
  2239 | D:2      | Gained mutation: You have large cloven feet. [demonic
                  | ancestry]
  2239 | D:2      | Reached XP level 4. HP: 25/32 MP: 4/8
  2319 | D:2      | Noticed Sigmund
  2330 | D:2      | Learned a level 3 spell: Vampiric Draining
  2334 | D:2      | Learned a level 3 spell: Regeneration
  3125 | D:3      | Noticed Ijyb
  3128 | D:3      | HP: 1/32 [acid (14)]
  3130 | D:3      | Killed from afar by Ijyb

Vault maps used:
D:1:      minmay_arrival_wavy_path
D:2:      first_ration, uniq_robin, uniq_crazy_yiuf_cottage, uniq_sigmund
D:3:      uniq_natasha, uniq_ijyb

Skill      XL: |  1  2  3 |
---------------+----------+-----
Necromancy     | 5 |  5.2
Dodging        | 2 |  2.2
Fighting       | 1 |  1.1
Stealth        | |  1.8
Spellcasting   | |  2.8

Action                   |  1- 3 |  4- 6 || total
-------------------------+-------+-------++-------
Melee: Dagger            |    26 |    11 ||    37
       Kick              |       |     2 ||     2
 Cast: Pain              |    58 |    19 ||    77
       Animate Skeleton  |    17 |     1 ||    18
       Vampiric Draining |       |     2 ||     2
       Regeneration      |       |     1 ||     1
  Use: Scroll            |     1 |       ||     1
 Stab: Sleeping          |       |     1 ||     1
  Eat: Chunk             |     5 |       ||     5
       Ration            |       |     1 ||     1
Armor: Robe              |    13 |     3 ||    16
Dodge: Dodged            |    25 |    14 ||    39

Table legend:
 A = Non-vault XP
 B = Vault XP
 C = Vault XP percentage of total XP
 D = Non-vault monster count
 E = Vault monster count
 F = Vault count percentage of total count
                 A         B        C        D         E       F
            +---------+---------+-------+---------+---------+-------
      Total |      92 |      36 |  28.1 |      38 |      13 |  25.5
            +---------+---------+-------+---------+---------+-------
        D:1 |      19 |       2 |   9.5 |      12 |       1 |   7.7
        D:2 |      68 |      34 |  33.3 |      22 |      12 |  35.3
        D:3 |       5 |       0 |   0.0 |       4 |       0 |   0.0
            +---------+---------+-------+---------+---------+-------
